[ AOE2 MATCH · #467491327 ]
UnrankedTeutons vs Teutons
[ REPLAY ANALYSIS · EXTRACTED FROM THE RECORDED GAME ]
Feudal
—
Castle
—
Imperial
—
| APM avg | 28.8 |
| APM peak | 109 |
| eAPM avg | 21.5 |
| Villagers / military | 162 / 812 |
Focus
⚔️ 53.4% · 🌾 46.6%
Spearman ×243 · Skirmisher ×236 · Militia ×180 · Teutonic Knight ×51 · Scorpion ×47 · Battering Ram ×44
Feudal
—
Castle
—
Imperial
—
| APM avg | 32.7 |
| APM peak | 122 |
| eAPM avg | 19.6 |
| Villagers / military | 142 / 1017 |
Focus
⚔️ 43.7% · 🌾 56.3%
Spearman ×762 · Knight ×79 · Teutonic Knight ×66 · Skirmisher ×55 · Mangonel ×29 · Scorpion ×10
Feudal
—
Castle
—
Imperial
—
| APM avg | 21.9 |
| APM peak | 44 |
| eAPM avg | 10.4 |
| Villagers / military | 105 / 940 |
Focus
⚔️ 43.0% · 🌾 57.0%
Spearman ×537 · Knight ×214 · Skirmisher ×184 · Trebuchet (Packed) ×4 · Monk ×1
Feudal
—
Castle
—
Imperial
—
| APM avg | 22.6 |
| APM peak | 77 |
| eAPM avg | 15.2 |
| Villagers / military | 135 / 1465 |
Focus
⚔️ 40.6% · 🌾 59.4%
Archer ×637 · Scout Cavalry ×357 · Knight ×214 · Camel Scout ×119 · Skirmisher ×96 · Trade Cart ×27
Feudal
—
Castle
—
Imperial
—
| APM avg | 30.7 |
| APM peak | 59 |
| eAPM avg | 20.1 |
| Villagers / military | 232 / 461 |
Focus
⚔️ 46.4% · 🌾 53.6%
Scout Cavalry ×155 · Hand Cannoneer ×135 · Skirmisher ×73 · Genoese Crossbowman ×45 · Bombard Cannon ×30 · Archer ×19
Feudal
—
Castle
—
Imperial
—
| APM avg | 61.3 |
| APM peak | 133 |
| eAPM avg | 33.2 |
| Villagers / military | 157 / 947 |
Focus
⚔️ 54.1% · 🌾 45.9%
Skirmisher ×411 · Mangudai ×352 · Spearman ×111 · Trade Cart ×34 · Archer ×27 · Militia ×22
Match map
Initial resources + every placement click. Lines = walls · curves = elevation contours. ◆ gold · ⬟ stone · ● berries · ✦ relic · ◌ wall gap
Inputs per minute
— FIFI - - ScottWardo
Build order — FIFI
First 150 of 1224 actions detected
| 0:04 | Build | House |
| 0:06 | Build | House |
| 0:07 | Build | House |
| 0:09 | Create | Villager (Male) |
| 0:10 | Create | Villager (Male) |
| 0:10 | Create | Villager (Male) |
| 0:11 | Create | Villager (Male) |
| 0:11 | Create | Villager (Male) |
| 1:50 | Create | Villager (Male) |
| 1:50 | Create | Villager (Male) |
| 2:25 | Create | Villager (Male) |
| 2:54 | Create | Villager (Male) |
| 2:54 | Create | Villager (Male) |
| 3:40 | Create | Villager (Male) |
| 3:40 | Create | Villager (Male) |
| 4:28 | Create | Villager (Male) |
| 5:45 | Create | Villager (Male) |
| 5:46 | Create | Villager (Male) |
| 5:46 | Create | Villager (Male) |
| 6:55 | Create | Villager (Male) |
| 6:57 | Create | Villager (Male) |
| 7:14 | Build | Lumber Camp |
| 7:18 | Create | Villager (Male) |
| 7:26 | Build | House |
| 7:27 | Build | House |
| 7:28 | Build | House |
| 7:29 | Build | House |
| 7:43 | Build | Mill |
| 8:12 | Create | Villager (Male) |
| 8:14 | Create | Villager (Male) |
| 8:45 | Create | Villager (Male) |
| 9:37 | Research | Feudal Age |
| 10:38 | Build | Farm |
| 10:40 | Build | Farm |
| 10:41 | Build | Farm |
| 10:43 | Build | Farm |
| 10:45 | Build | Farm |
| 10:46 | Build | Farm |
| 10:48 | Build | Farm |
| 10:57 | Create | Villager (Male) |
| 10:57 | Create | Villager (Male) |
| 11:26 | Build | Farm |
| 11:27 | Build | Farm |
| 11:28 | Build | Farm |
| 11:29 | Build | Farm |
| 11:35 | Create | Villager (Male) |
| 11:54 | Create | Villager (Male) |
| 11:58 | Research | Double-Bit Axe |
| 12:01 | Research | Horse Collar |
| 12:23 | Build | Farm |
| 12:25 | Create | Villager (Male) |
| 12:52 | Create | Villager (Male) |
| 13:04 | Build | Mining Camp |
| 13:09 | Create | Villager (Male) |
| 13:36 | Create | Villager (Male) |
| 13:53 | Build | Barracks |
| 14:02 | Create | Villager (Male) |
| 14:10 | Build | Farm |
| 14:25 | Build | Market |
| 14:59 | Create | Villager (Male) |
| 15:12 | Create | Spearman |
| 15:12 | Create | Spearman |
| 15:16 | Research | Man-at-Arms (upgrade) |
| 15:16 | Create | Militia |
| 15:17 | Create | Militia |
| 15:30 | Build | Blacksmith |
| 15:39 | Create | Villager (Male) |
| 15:40 | Create | Villager (Male) |
| 15:40 | Create | Villager (Male) |
| 15:52 | Build | House |
| 15:53 | Build | House |
| 15:54 | Build | House |
| 15:55 | Build | House |
| 15:56 | Build | House |
| 16:30 | Build | Barracks |
| 16:36 | Create | Militia |
| 17:11 | Research | Castle Age |
| 17:30 | Research | Scale Mail Armor |
| 18:14 | Create | Villager (Male) |
| 18:15 | Create | Villager (Male) |
| 18:15 | Create | Villager (Male) |
| 18:31 | Research | Forging |
| 19:02 | Build | Mining Camp |
| 19:16 | Create | Villager (Male) |
| 19:55 | Build | Town Center |
| 19:58 | Create | Villager (Male) |
| 19:59 | Create | Villager (Male) |
| 20:10 | Build | Town Center |
| 20:13 | Create | Villager (Male) |
| 20:13 | Create | Villager (Male) |
| 20:25 | Research | Long Swordsman (upgrade) |
| 20:27 | Research | Squires |
| 20:39 | Research | Gambesons |
| 20:42 | Research | Arson |
| 21:08 | Create | Villager (Male) |
| 21:08 | Create | Villager (Male) |
| 21:08 | Create | Villager (Male) |
| 21:09 | Create | Villager (Male) |
| 21:11 | Create | Villager (Male) |
| 21:30 | Research | Heavy Plow |
| 21:42 | Create | Villager (Male) |
| 21:42 | Create | Villager (Male) |
| 21:50 | Build | Farm |
| 21:51 | Build | Farm |
| 21:52 | Build | Farm |
| 21:58 | Create | Villager (Male) |
| 22:09 | Create | Villager (Male) |
| 22:09 | Create | Villager (Male) |
| 22:17 | Create | Villager (Male) |
| 22:17 | Create | Villager (Male) |
| 22:32 | Build | House |
| 22:33 | Build | House |
| 22:34 | Build | House |
| 22:35 | Build | House |
| 22:37 | Build | House |
| 22:38 | Build | House |
| 22:39 | Build | House |
| 22:48 | Create | Villager (Male) |
| 22:48 | Create | Villager (Male) |
| 22:48 | Create | Villager (Male) |
| 22:51 | Create | Villager (Male) |
| 23:01 | Create | Villager (Male) |
| 23:14 | Create | Villager (Male) |
| 23:14 | Create | Villager (Male) |
| 23:15 | Create | Villager (Male) |
| 23:26 | Build | Farm |
| 23:28 | Build | Farm |
| 23:29 | Build | Farm |
| 23:31 | Build | Farm |
| 23:35 | Create | Villager (Male) |
| 23:36 | Create | Villager (Male) |
| 23:40 | Create | Villager (Male) |
| 23:43 | Create | Villager (Male) |
| 23:48 | Create | Villager (Male) |
| 23:48 | Create | Villager (Male) |
| 24:06 | Build | Farm |
| 24:07 | Build | Farm |
| 24:08 | Build | Farm |
| 24:12 | Build | Farm |
| 24:13 | Build | Farm |
| 24:17 | Build | Farm |
| 24:29 | Build | Farm |
| 25:11 | Build | Farm |
| 25:14 | Build | Farm |
| 25:19 | Build | Farm |
| 25:22 | Create | Villager (Male) |
| 25:23 | Create | Villager (Male) |
| 25:23 | Create | Villager (Male) |
| 25:23 | Create | Villager (Male) |
| 25:25 | Research | Wheelbarrow |
Build order — ScottWardo
First 150 of 732 actions detected
| 0:01 | Create | Villager (Male) |
| 0:01 | Create | Villager (Male) |
| 0:02 | Create | Villager (Male) |
| 0:02 | Create | Villager (Male) |
| 0:04 | Build | House |
| 0:07 | Build | House |
| 1:28 | Create | Villager (Male) |
| 2:00 | Create | Villager (Male) |
| 2:17 | Create | Villager (Male) |
| 2:50 | Create | Villager (Male) |
| 3:11 | Create | Villager (Male) |
| 3:40 | Build | House |
| 3:44 | Create | Villager (Male) |
| 4:07 | Create | Villager (Male) |
| 4:16 | Build | Lumber Camp |
| 4:25 | Create | Villager (Male) |
| 4:40 | Create | Villager (Male) |
| 4:52 | Create | Villager (Male) |
| 5:13 | Create | Villager (Male) |
| 5:13 | Create | Villager (Male) |
| 6:00 | Build | House |
| 6:11 | Create | Villager (Male) |
| 7:04 | Create | Villager (Male) |
| 7:04 | Create | Villager (Male) |
| 7:53 | Create | Villager (Male) |
| 8:10 | Build | Mill |
| 8:19 | Create | Villager (Male) |
| 9:07 | Research | Feudal Age |
| 9:33 | Build | House |
| 9:35 | Build | House |
| 10:18 | Build | Farm |
| 10:19 | Build | Farm |
| 10:19 | Build | Farm |
| 10:19 | Build | Farm |
| 10:19 | Build | Farm |
| 10:20 | Build | Farm |
| 10:22 | Build | Farm |
| 10:23 | Build | Farm |
| 10:31 | Build | Mining Camp |
| 11:07 | Create | Villager (Male) |
| 11:09 | Create | Villager (Male) |
| 11:18 | Research | Double-Bit Axe |
| 11:25 | Build | Market |
| 11:29 | Build | Blacksmith |
| 11:38 | Research | Horse Collar |
| 12:16 | Create | Villager (Male) |
| 12:17 | Create | Villager (Male) |
| 13:30 | Research | Castle Age |
| 13:39 | Build | Barracks |
| 13:49 | Research | Gold Mining |
| 14:39 | Research | Man-at-Arms (upgrade) |
| 14:55 | Create | Militia |
| 14:56 | Create | Militia |
| 15:09 | Build | House |
| 15:13 | Build | House |
| 15:14 | Build | House |
| 15:19 | Build | Farm |
| 15:19 | Build | Farm |
| 15:19 | Build | Farm |
| 15:20 | Build | Farm |
| 15:20 | Build | Farm |
| 15:22 | Build | Farm |
| 16:17 | Build | Town Center |
| 16:23 | Create | Villager (Male) |
| 16:23 | Create | Villager (Male) |
| 16:40 | Create | Militia |
| 16:41 | Create | Militia |
| 16:43 | Create | Villager (Male) |
| 17:01 | Build | Town Center |
| 17:03 | Create | Villager (Male) |
| 17:04 | Create | Villager (Male) |
| 17:07 | Research | Long Swordsman (upgrade) |
| 17:41 | Research | Stone Mining |
| 17:46 | Create | Villager (Male) |
| 17:46 | Create | Villager (Male) |
| 17:47 | Create | Villager (Male) |
| 18:24 | Build | Monastery |
| 18:36 | Create | Villager (Male) |
| 18:36 | Create | Villager (Male) |
| 18:37 | Create | Villager (Male) |
| 18:37 | Create | Villager (Male) |
| 18:41 | Build | Farm |
| 18:41 | Build | Farm |
| 18:41 | Build | Farm |
| 18:42 | Build | Farm |
| 18:42 | Build | Farm |
| 18:42 | Build | Farm |
| 18:42 | Build | Farm |
| 18:43 | Build | Farm |
| 18:43 | Build | Farm |
| 18:43 | Build | Farm |
| 18:43 | Build | Farm |
| 18:44 | Build | Farm |
| 18:44 | Build | Farm |
| 18:44 | Build | Farm |
| 18:59 | Create | Villager (Male) |
| 19:00 | Create | Villager (Male) |
| 19:03 | Create | Monk |
| 19:11 | Build | Farm |
| 19:21 | Build | Farm |
| 19:34 | Build | Farm |
| 19:44 | Research | Bow Saw |
| 19:56 | Create | Villager (Male) |
| 19:56 | Create | Villager (Male) |
| 19:56 | Create | Villager (Male) |
| 20:09 | Build | Lumber Camp |
| 20:25 | Create | Villager (Male) |
| 20:25 | Create | Villager (Male) |
| 20:25 | Create | Villager (Male) |
| 20:42 | Create | Villager (Male) |
| 20:42 | Create | Villager (Male) |
| 20:42 | Create | Villager (Male) |
| 21:10 | Build | Town Center |
| 21:13 | Create | Villager (Male) |
| 21:13 | Create | Villager (Male) |
| 21:13 | Create | Villager (Male) |
| 21:54 | Research | Loom |
| 22:00 | Create | Villager (Male) |
| 22:00 | Create | Villager (Male) |
| 22:00 | Create | Villager (Male) |
| 22:05 | Build | House |
| 22:07 | Build | House |
| 22:11 | Build | House |
| 22:13 | Build | House |
| 22:15 | Build | House |
| 22:17 | Build | House |
| 22:19 | Build | House |
| 22:21 | Build | House |
| 22:25 | Build | Farm |
| 22:26 | Build | Farm |
| 22:26 | Build | Farm |
| 22:26 | Build | Farm |
| 22:26 | Build | Farm |
| 22:27 | Build | Farm |
| 22:27 | Build | Farm |
| 22:27 | Build | Farm |
| 22:27 | Build | Farm |
| 22:28 | Build | Farm |
| 22:34 | Build | Farm |
| 22:38 | Create | Villager (Male) |
| 22:38 | Create | Villager (Male) |
| 22:38 | Create | Villager (Male) |
| 22:38 | Create | Villager (Male) |
| 22:53 | Build | Farm |
| 22:53 | Build | Farm |
| 22:54 | Build | Farm |
| 22:55 | Build | Farm |
| 22:56 | Build | Farm |
| 22:59 | Create | Villager (Male) |
| 22:59 | Create | Villager (Male) |
Build order — jão
First 150 of 491 actions detected
| 0:04 | Build | Outpost |
| 0:15 | Build | House |
| 0:17 | Build | House |
| 0:20 | Build | House |
| 0:21 | Create | Villager (Male) |
| 0:21 | Create | Villager (Male) |
| 1:04 | Create | Villager (Male) |
| 1:06 | Create | Villager (Male) |
| 1:51 | Create | Villager (Male) |
| 2:11 | Build | Lumber Camp |
| 2:59 | Create | Villager (Male) |
| 3:00 | Create | Villager (Male) |
| 3:31 | Create | Villager (Male) |
| 3:31 | Create | Villager (Male) |
| 4:39 | Create | Villager (Male) |
| 4:39 | Create | Villager (Male) |
| 4:49 | Create | Villager (Male) |
| 5:31 | Create | Villager (Male) |
| 5:31 | Create | Villager (Male) |
| 5:57 | Create | Villager (Male) |
| 6:00 | Build | Mill |
| 6:06 | Create | Villager (Male) |
| 6:35 | Create | Villager (Male) |
| 6:47 | Create | Villager (Male) |
| 7:24 | Build | Farm |
| 7:31 | Create | Villager (Male) |
| 7:49 | Build | House |
| 8:10 | Create | Villager (Male) |
| 8:42 | Build | Farm |
| 9:11 | Research | Feudal Age |
| 9:21 | Build | Mining Camp |
| 11:24 | Build | House |
| 12:01 | Build | Market |
| 12:06 | Build | Blacksmith |
| 12:15 | Research | Double-Bit Axe |
| 12:24 | Create | Villager (Male) |
| 12:25 | Create | Villager (Male) |
| 12:25 | Create | Villager (Male) |
| 12:53 | Build | Farm |
| 13:38 | Build | House |
| 13:46 | Research | Castle Age |
| 13:56 | Build | Farm |
| 14:10 | Build | Lumber Camp |
| 15:33 | Research | Gold Mining |
| 15:40 | Build | Farm |
| 15:40 | Build | Farm |
| 16:16 | Build | Farm |
| 16:19 | Build | Farm |
| 16:23 | Research | Wheelbarrow |
| 16:31 | Build | Town Center |
| 16:39 | Create | Villager (Male) |
| 16:40 | Create | Villager (Male) |
| 17:14 | Build | Farm |
| 17:26 | Build | Farm |
| 17:39 | Research | Gold Shaft Mining |
| 18:06 | Create | Villager (Male) |
| 18:12 | Create | Villager (Male) |
| 18:25 | Create | Villager (Male) |
| 18:38 | Create | Villager (Male) |
| 18:47 | Build | Barracks |
| 18:52 | Build | Farm |
| 18:54 | Create | Villager (Male) |
| 19:11 | Build | Farm |
| 19:15 | Create | Villager (Male) |
| 19:18 | Create | Villager (Male) |
| 19:34 | Build | Farm |
| 19:37 | Create | Villager (Male) |
| 19:44 | Create | Villager (Male) |
| 19:51 | Build | Stable |
| 19:58 | Build | Farm |
| 20:00 | Create | Villager (Male) |
| 20:12 | Create | Villager (Male) |
| 20:13 | Create | Villager (Male) |
| 20:25 | Build | House |
| 20:26 | Build | House |
| 20:27 | Build | House |
| 20:29 | Build | House |
| 20:30 | Build | House |
| 20:35 | Research | Bow Saw |
| 20:38 | Build | Farm |
| 20:48 | Build | Farm |
| 20:57 | Build | Farm |
| 20:57 | Build | Farm |
| 21:05 | Build | Stable |
| 21:14 | Research | Stone Mining |
| 21:18 | Create | Villager (Male) |
| 21:18 | Create | Villager (Male) |
| 21:18 | Create | Villager (Male) |
| 21:47 | Create | Villager (Male) |
| 21:47 | Create | Villager (Male) |
| 21:48 | Create | Villager (Male) |
| 21:51 | Build | Farm |
| 22:29 | Build | Mining Camp |
| 22:33 | Build | Farm |
| 22:33 | Create | Villager (Male) |
| 22:34 | Create | Villager (Male) |
| 22:35 | Create | Villager (Male) |
| 22:36 | Create | Villager (Male) |
| 22:38 | Build | Farm |
| 22:43 | Build | Farm |
| 22:44 | Create | Villager (Male) |
| 22:56 | Build | House |
| 22:56 | Build | House |
| 22:57 | Build | House |
| 22:58 | Build | House |
| 22:58 | Build | House |
| 22:58 | Build | House |
| 22:58 | Build | House |
| 22:59 | Build | House |
| 23:07 | Build | Monastery |
| 23:19 | Build | Farm |
| 23:20 | Create | Villager (Male) |
| 23:23 | Build | Farm |
| 23:38 | Research | Hand Cart |
| 23:48 | Build | Farm |
| 23:52 | Build | Farm |
| 23:54 | Create | Villager (Male) |
| 23:58 | Build | Farm |
| 24:01 | Build | Farm |
| 24:03 | Create | Villager (Male) |
| 24:03 | Create | Villager (Male) |
| 24:05 | Create | Villager (Male) |
| 24:07 | Create | Monk |
| 24:21 | Create | Villager (Male) |
| 24:41 | Create | Knight ×5 |
| 24:42 | Create | Knight |
| 24:50 | Build | Town Center |
| 24:59 | Create | Villager (Male) |
| 25:00 | Create | Villager (Male) |
| 25:22 | Research | Husbandry |
| 25:26 | Build | Farm |
| 25:29 | Build | Farm |
| 26:24 | Create | Villager (Male) |
| 26:24 | Create | Villager (Male) |
| 26:26 | Create | Villager (Male) |
| 26:26 | Create | Villager (Male) |
| 26:26 | Create | Villager (Male) |
| 26:27 | Create | Villager (Male) |
| 26:27 | Create | Villager (Male) |
| 26:27 | Create | Villager (Male) |
| 26:28 | Create | Villager (Male) |
| 26:28 | Create | Villager (Male) |
| 26:29 | Create | Villager (Male) |
| 26:36 | Build | Mill |
| 26:41 | Create | Villager (Male) |
| 26:41 | Create | Villager (Male) |
| 26:58 | Build | Mining Camp |
| 27:17 | Build | Stable |
| 27:18 | Build | Stable |
| 27:19 | Build | Stable |
Build order — arsmx
First 150 of 742 actions detected
| 0:12 | Create | Villager (Male) |
| 0:12 | Create | Villager (Male) |
| 0:12 | Create | Villager (Male) |
| 0:12 | Create | Villager (Male) |
| 0:14 | Build | House |
| 0:17 | Build | House |
| 0:30 | Create | Villager (Male) |
| 1:36 | Create | Villager (Male) |
| 2:13 | Create | Villager (Male) |
| 2:32 | Create | Villager (Male) |
| 2:55 | Build | Lumber Camp |
| 3:03 | Build | Lumber Camp |
| 3:10 | Build | Lumber Camp |
| 3:12 | Create | Villager (Male) |
| 3:19 | Create | Villager (Male) |
| 3:30 | Build | House |
| 4:07 | Create | Villager (Male) |
| 4:08 | Create | Villager (Male) |
| 4:42 | Create | Villager (Male) |
| 4:48 | Create | Villager (Male) |
| 5:25 | Create | Villager (Male) |
| 5:30 | Build | House |
| 5:42 | Create | Villager (Male) |
| 5:43 | Create | Villager (Male) |
| 5:44 | Create | Villager (Male) |
| 5:58 | Build | Mill |
| 7:16 | Create | Villager (Male) |
| 7:16 | Create | Villager (Male) |
| 7:19 | Build | House |
| 7:56 | Create | Villager (Male) |
| 8:05 | Build | Mining Camp |
| 8:10 | Create | Villager (Male) |
| 8:29 | Research | Feudal Age |
| 10:26 | Build | Farm |
| 10:28 | Build | Farm |
| 10:29 | Build | Farm |
| 10:31 | Build | Farm |
| 10:34 | Build | Farm |
| 11:06 | Build | Market |
| 11:14 | Build | Blacksmith |
| 11:30 | Build | Farm |
| 11:44 | Build | Farm |
| 12:07 | Research | Castle Age |
| 12:08 | Research | Castle Age |
| 12:37 | Research | Double-Bit Axe |
| 13:08 | Build | Barracks |
| 13:38 | Build | House |
| 14:17 | Build | Stable |
| 14:43 | Create | Villager (Male) |
| 14:44 | Create | Villager (Male) |
| 14:51 | Build | Town Center |
| 15:14 | Build | House |
| 15:20 | Create | Knight |
| 15:21 | Create | Camel Scout |
| 15:30 | Create | Villager (Male) |
| 15:43 | Create | Villager (Male) |
| 15:44 | Create | Villager (Male) |
| 15:45 | Create | Villager (Male) |
| 15:52 | Build | House |
| 15:54 | Create | Knight |
| 15:54 | Create | Camel Scout |
| 16:19 | Create | Villager (Male) |
| 16:20 | Create | Villager (Male) |
| 16:32 | Build | Monastery |
| 16:39 | Create | Villager (Male) |
| 16:39 | Create | Villager (Male) |
| 16:48 | Create | Knight |
| 16:52 | Create | Villager (Male) |
| 17:03 | Build | Farm |
| 17:06 | Build | Farm |
| 17:11 | Build | Farm |
| 17:13 | Create | Villager (Male) |
| 17:14 | Create | Villager (Male) |
| 17:29 | Create | Villager (Male) |
| 17:39 | Create | Villager (Male) |
| 17:40 | Create | Villager (Male) |
| 17:41 | Create | Villager (Male) |
| 17:55 | Create | Monk |
| 17:55 | Create | Monk |
| 17:55 | Create | Monk |
| 18:11 | Create | Villager (Male) |
| 18:11 | Create | Villager (Male) |
| 18:18 | Build | House |
| 18:23 | Create | Villager (Male) |
| 18:23 | Create | Villager (Male) |
| 18:43 | Create | Monk |
| 18:45 | Create | Villager (Male) |
| 18:45 | Create | Villager (Male) |
| 18:46 | Create | Villager (Male) |
| 18:53 | Build | Farm |
| 18:56 | Build | Farm |
| 19:03 | Build | Farm |
| 19:07 | Build | Farm |
| 19:10 | Create | Villager (Male) |
| 19:10 | Create | Villager (Male) |
| 19:27 | Create | Monk |
| 19:35 | Build | Farm |
| 19:36 | Create | Villager (Male) |
| 19:37 | Create | Villager (Male) |
| 19:44 | Build | House |
| 19:46 | Build | House |
| 19:47 | Build | House |
| 19:48 | Build | House |
| 19:51 | Build | House |
| 19:53 | Build | House |
| 19:56 | Create | Villager (Male) |
| 19:56 | Create | Villager (Male) |
| 19:57 | Create | Villager (Male) |
| 20:10 | Build | Town Center |
| 20:19 | Create | Villager (Male) |
| 20:37 | Create | Monk |
| 20:51 | Build | Farm |
| 20:55 | Create | Villager (Male) |
| 20:55 | Create | Villager (Male) |
| 20:55 | Create | Villager (Male) |
| 20:56 | Create | Villager (Male) |
| 20:56 | Create | Villager (Male) |
| 20:56 | Create | Villager (Male) |
| 21:01 | Build | Farm |
| 21:31 | Build | Farm |
| 21:35 | Build | Farm |
| 21:39 | Build | House |
| 21:40 | Build | House |
| 21:41 | Build | House |
| 21:42 | Build | House |
| 21:44 | Build | House |
| 21:45 | Build | House |
| 21:46 | Create | Villager (Male) |
| 21:46 | Create | Villager (Male) |
| 21:46 | Create | Villager (Male) |
| 21:47 | Create | Villager (Male) |
| 21:47 | Create | Villager (Male) |
| 21:47 | Create | Villager (Male) |
| 21:47 | Create | Villager (Male) |
| 21:47 | Create | Villager (Male) |
| 21:52 | Build | Farm |
| 21:54 | Build | Farm |
| 21:59 | Build | Farm |
| 22:04 | Research | Horse Collar |
| 22:04 | Research | Horse Collar |
| 22:04 | Research | Horse Collar |
| 22:19 | Build | Farm |
| 22:22 | Build | Farm |
| 23:28 | Create | Villager (Male) |
| 23:29 | Create | Villager (Male) |
| 23:29 | Create | Villager (Male) |
| 23:29 | Create | Villager (Male) |
| 23:30 | Create | Villager (Male) |
| 23:30 | Create | Villager (Male) |
| 23:30 | Create | Villager (Male) |
Build order — OCS
First 150 of 966 actions detected
| 0:01 | Create | Villager (Male) |
| 0:01 | Create | Villager (Male) |
| 0:03 | Build | House |
| 0:04 | Build | House |
| 0:28 | Create | Villager (Male) |
| 0:28 | Create | Villager (Male) |
| 0:28 | Create | Villager (Male) |
| 1:36 | Create | Villager (Male) |
| 1:37 | Create | Villager (Male) |
| 1:37 | Create | Villager (Male) |
| 1:56 | Build | Lumber Camp |
| 2:03 | Create | Villager (Male) |
| 2:03 | Create | Villager (Male) |
| 2:18 | Build | House |
| 2:22 | Create | Villager (Male) |
| 2:22 | Create | Villager (Male) |
| 2:23 | Create | Villager (Male) |
| 2:49 | Create | Villager (Male) |
| 2:49 | Create | Villager (Male) |
| 2:49 | Create | Villager (Male) |
| 2:53 | Build | House |
| 3:10 | Create | Villager (Male) |
| 3:10 | Create | Villager (Male) |
| 3:10 | Create | Villager (Male) |
| 3:35 | Create | Villager (Male) |
| 3:35 | Create | Villager (Male) |
| 3:36 | Create | Villager (Male) |
| 3:52 | Create | Villager (Male) |
| 3:53 | Create | Villager (Male) |
| 4:30 | Create | Villager (Male) |
| 4:30 | Create | Villager (Male) |
| 4:44 | Build | Mill |
| 4:58 | Create | Villager (Male) |
| 4:59 | Create | Villager (Male) |
| 4:59 | Create | Villager (Male) |
| 4:59 | Create | Villager (Male) |
| 5:25 | Create | Villager (Male) |
| 5:25 | Create | Villager (Male) |
| 5:26 | Create | Villager (Male) |
| 6:00 | Create | Villager (Male) |
| 6:01 | Create | Villager (Male) |
| 6:49 | Create | Villager (Male) |
| 6:55 | Build | Barracks |
| 6:58 | Build | House |
| 7:00 | Build | House |
| 7:15 | Create | Villager (Male) |
| 7:37 | Research | Feudal Age |
| 8:18 | Create | Villager (Male) |
| 8:18 | Create | Villager (Male) |
| 10:08 | Research | Double-Bit Axe |
| 10:08 | Research | Double-Bit Axe |
| 10:12 | Research | Horse Collar |
| 10:40 | Build | Farm |
| 10:41 | Build | Farm |
| 10:42 | Build | Farm |
| 10:48 | Create | Villager (Male) |
| 10:48 | Create | Villager (Male) |
| 11:16 | Build | Farm |
| 11:17 | Build | Farm |
| 11:26 | Create | Villager (Male) |
| 11:38 | Build | Farm |
| 11:39 | Build | Farm |
| 11:55 | Build | Mining Camp |
| 11:58 | Create | Villager (Male) |
| 12:02 | Build | Farm |
| 12:04 | Build | Farm |
| 12:06 | Build | Farm |
| 12:09 | Build | Farm |
| 12:18 | Research | Wheelbarrow |
| 12:43 | Build | Lumber Camp |
| 12:56 | Create | Villager (Male) |
| 13:05 | Build | Archery Range |
| 13:18 | Create | Villager (Male) |
| 13:52 | Build | Blacksmith |
| 13:58 | Build | House |
| 14:00 | Build | House |
| 14:04 | Create | Villager (Male) |
| 14:21 | Build | Farm |
| 14:46 | Build | Farm |
| 14:54 | Research | Castle Age |
| 15:19 | Build | Mining Camp |
| 15:40 | Research | Fletching |
| 15:46 | Create | Skirmisher |
| 15:47 | Create | Skirmisher |
| 15:47 | Create | Skirmisher |
| 15:48 | Create | Archer |
| 15:48 | Create | Archer |
| 15:48 | Create | Archer |
| 15:49 | Create | Skirmisher |
| 15:49 | Create | Skirmisher |
| 15:54 | Create | Skirmisher |
| 15:54 | Create | Skirmisher |
| 16:09 | Research | Gold Mining |
| 16:44 | Create | Archer |
| 16:44 | Create | Archer |
| 16:44 | Create | Archer |
| 16:47 | Research | Stone Mining |
| 17:09 | Create | Villager (Male) |
| 17:09 | Create | Villager (Male) |
| 17:21 | Research | Padded Archer Armor |
| 17:59 | Build | Monastery |
| 18:07 | Build | Town Center |
| 18:19 | Create | Villager (Male) |
| 18:19 | Create | Villager (Male) |
| 18:20 | Research | Loom |
| 18:43 | Create | Monk |
| 18:44 | Create | Monk |
| 19:05 | Create | Villager (Male) |
| 19:05 | Create | Villager (Male) |
| 19:06 | Create | Villager (Male) |
| 19:06 | Create | Villager (Male) |
| 19:06 | Create | Villager (Male) |
| 19:12 | Create | Villager (Male) |
| 19:13 | Create | Villager (Male) |
| 19:56 | Build | House |
| 19:57 | Build | House |
| 19:58 | Build | House |
| 20:04 | Research | Bodkin Arrow |
| 20:22 | Research | Hand Cart |
| 20:45 | Create | Villager (Male) |
| 20:45 | Create | Villager (Male) |
| 20:46 | Create | Villager (Male) |
| 20:54 | Build | Town Center |
| 21:16 | Create | Villager (Male) |
| 21:16 | Create | Villager (Male) |
| 21:17 | Create | Villager (Male) |
| 21:38 | Research | Town Watch |
| 21:39 | Create | Villager (Male) |
| 21:39 | Create | Villager (Male) |
| 21:49 | Build | Market |
| 22:03 | Create | Villager (Male) |
| 22:03 | Create | Villager (Male) |
| 22:04 | Create | Villager (Male) |
| 22:04 | Create | Villager (Male) |
| 22:08 | Build | Farm |
| 22:11 | Build | Farm |
| 22:15 | Build | Farm |
| 22:20 | Build | Farm |
| 22:45 | Create | Villager (Male) |
| 22:45 | Create | Villager (Male) |
| 22:51 | Create | Villager (Male) |
| 22:52 | Create | Villager (Male) |
| 22:52 | Create | Villager (Male) |
| 22:52 | Create | Villager (Male) |
| 23:23 | Build | Farm |
| 23:38 | Create | Villager (Male) |
| 23:38 | Create | Villager (Male) |
| 23:38 | Create | Villager (Male) |
| 23:39 | Create | Villager (Male) |
| 23:39 | Create | Villager (Male) |
Build order — leyleyshow
First 150 of 1348 actions detected
| 0:00 | Create | Villager (Male) |
| 0:01 | Create | Villager (Male) |
| 0:01 | Create | Villager (Male) |
| 0:01 | Create | Villager (Male) |
| 0:02 | Build | House |
| 0:04 | Build | House |
| 1:36 | Create | Villager (Male) |
| 1:52 | Build | Lumber Camp |
| 1:55 | Create | Villager (Male) |
| 1:56 | Create | Villager (Male) |
| 2:24 | Create | Villager (Male) |
| 2:24 | Create | Villager (Male) |
| 2:24 | Create | Villager (Male) |
| 3:13 | Create | Villager (Male) |
| 3:13 | Create | Villager (Male) |
| 3:13 | Create | Villager (Male) |
| 3:14 | Create | Villager (Male) |
| 3:15 | Create | Villager (Male) |
| 3:27 | Build | House |
| 3:37 | Create | Villager (Male) |
| 3:37 | Create | Villager (Male) |
| 4:02 | Build | House |
| 4:11 | Create | Villager (Male) |
| 4:12 | Create | Villager (Male) |
| 4:12 | Create | Villager (Male) |
| 4:43 | Create | Villager (Male) |
| 4:43 | Create | Villager (Male) |
| 5:04 | Build | Mill |
| 5:09 | Create | Villager (Male) |
| 5:58 | Create | Villager (Male) |
| 5:58 | Create | Villager (Male) |
| 6:11 | Create | Villager (Male) |
| 6:12 | Create | Villager (Male) |
| 6:44 | Build | Mining Camp |
| 7:09 | Build | Farm |
| 7:10 | Research | Feudal Age |
| 7:24 | Build | Farm |
| 7:53 | Create | Villager (Male) |
| 7:55 | Create | Villager (Male) |
| 8:43 | Create | Villager (Male) |
| 9:16 | Create | Villager (Male) |
| 9:26 | Build | Blacksmith |
| 10:09 | Build | Market |
| 10:33 | Create | Villager (Male) |
| 10:58 | Research | Castle Age |
| 11:21 | Research | Double-Bit Axe |
| 11:21 | Research | Double-Bit Axe |
| 11:50 | Research | Horse Collar |
| 11:54 | Build | Farm |
| 12:07 | Build | Farm |
| 12:26 | Build | Farm |
| 12:39 | Build | Farm |
| 12:55 | Build | Farm |
| 12:56 | Create | Villager (Male) |
| 13:04 | Build | House |
| 13:05 | Build | House |
| 13:24 | Build | Farm |
| 13:26 | Create | Villager (Male) |
| 14:22 | Build | Town Center |
| 14:28 | Create | Villager (Male) |
| 14:29 | Create | Villager (Male) |
| 14:42 | Research | Bow Saw |
| 14:43 | Create | Villager (Male) |
| 15:30 | Build | Town Center |
| 15:34 | Create | Villager (Male) |
| 15:35 | Create | Villager (Male) |
| 15:43 | Build | Farm |
| 15:45 | Create | Villager (Male) |
| 15:45 | Create | Villager (Male) |
| 15:45 | Create | Villager (Male) |
| 16:09 | Create | Villager (Male) |
| 16:09 | Create | Villager (Male) |
| 16:42 | Build | Farm |
| 16:44 | Create | Villager (Male) |
| 16:44 | Create | Villager (Male) |
| 16:44 | Create | Villager (Male) |
| 16:51 | Build | Farm |
| 16:58 | Create | Villager (Male) |
| 16:58 | Create | Villager (Male) |
| 17:04 | Build | Farm |
| 17:16 | Build | Farm |
| 17:17 | Create | Villager (Male) |
| 17:27 | Create | Villager (Male) |
| 17:27 | Create | Villager (Male) |
| 17:31 | Build | Farm |
| 17:31 | Build | Farm |
| 17:43 | Build | Farm |
| 17:47 | Build | Farm |
| 17:48 | Create | Villager (Male) |
| 17:49 | Create | Villager (Male) |
| 17:56 | Build | Farm |
| 17:58 | Create | Villager (Male) |
| 17:58 | Create | Villager (Male) |
| 18:03 | Build | Farm |
| 18:05 | Create | Villager (Male) |
| 18:05 | Create | Villager (Male) |
| 18:09 | Create | Villager (Male) |
| 18:10 | Create | Villager (Male) |
| 18:20 | Build | House |
| 18:21 | Build | House |
| 18:26 | Create | Villager (Male) |
| 18:27 | Create | Villager (Male) |
| 18:31 | Build | Farm |
| 18:34 | Build | Farm |
| 18:36 | Create | Villager (Male) |
| 18:36 | Create | Villager (Male) |
| 18:56 | Build | Farm |
| 18:57 | Create | Villager (Male) |
| 18:57 | Create | Villager (Male) |
| 18:58 | Create | Villager (Male) |
| 19:03 | Build | House |
| 19:04 | Build | House |
| 19:05 | Create | Villager (Male) |
| 19:06 | Create | Villager (Male) |
| 19:27 | Research | Heavy Plow |
| 19:28 | Create | Villager (Male) |
| 19:32 | Build | Farm |
| 19:48 | Build | Farm |
| 20:09 | Build | House |
| 20:38 | Build | Castle |
| 20:40 | Create | Villager (Male) |
| 20:40 | Create | Villager (Male) |
| 20:46 | Build | Farm |
| 20:51 | Build | Farm |
| 20:52 | Create | Villager (Male) |
| 20:52 | Create | Villager (Male) |
| 20:53 | Create | Villager (Male) |
| 20:54 | Create | Villager (Male) |
| 20:54 | Create | Villager (Male) |
| 21:01 | Research | Gold Mining |
| 21:10 | Create | Villager (Male) |
| 21:11 | Create | Villager (Male) |
| 21:15 | Build | Farm |
| 21:21 | Build | Farm |
| 21:22 | Create | Villager (Male) |
| 21:30 | Build | Lumber Camp |
| 22:10 | Build | Farm |
| 22:11 | Build | Farm |
| 22:11 | Build | Farm |
| 22:22 | Build | Farm |
| 22:23 | Build | Farm |
| 22:24 | Build | Farm |
| 22:26 | Create | Villager (Male) |
| 22:26 | Create | Villager (Male) |
| 22:26 | Create | Villager (Male) |
| 22:26 | Create | Villager (Male) |
| 22:29 | Research | Wheelbarrow |
| 22:37 | Create | Villager (Male) |
| 22:37 | Create | Villager (Male) |
| 22:45 | Build | Mill |
Match timeline
| 6:55 | OCS · first_building Barracks |
| 13:05 | OCS · first_building Archery Range |
| 13:08 | arsmx · first_building Barracks |
| 13:39 | ScottWardo · first_building Barracks |
| 13:53 | FIFI · first_building Barracks |
| 14:17 | arsmx · first_building Stable |
| 15:22 | leyleyshow · first_market_buy 100 wood |
| 15:26 | leyleyshow · first_market_sell 100 food |
| 16:32 | arsmx · first_building Monastery |
| 17:59 | OCS · first_building Monastery |
| 18:24 | ScottWardo · first_building Monastery |
| 18:47 | jão · first_building Barracks |
| 19:51 | jão · first_building Stable |
| 20:34 | FIFI · first_market_buy 100 food |
| 20:38 | leyleyshow · first_building Castle |
| 23:07 | jão · first_building Monastery |
| 23:07 | ScottWardo · first_building Castle |
| 24:12 | leyleyshow · first_building Barracks |
| 25:10 | leyleyshow · first_building Archery Range |
| 25:52 | FIFI · first_market_sell 100 wood |
| 26:06 | OCS · first_building Castle |
| 26:26 | ScottWardo · first_building Siege Workshop |
| 26:56 | FIFI · first_building Castle |
| 28:13 | ScottWardo · first_building Archery Range |
| 28:45 | arsmx · first_building Archery Range |
| 30:44 | FIFI · first_building Siege Workshop |
| 30:51 | ScottWardo · first_market_sell 500 food |
| 31:01 | ScottWardo · first_market_buy 100 stone |
| 31:03 | arsmx · first_building Castle |
| 31:25 | OCS · first_building Siege Workshop |
| 32:09 | jão · tribute_sent a jugador 1 |
| 32:09 | jão · tribute_sent a jugador 3 |
| 32:09 | jão · tribute_sent a jugador 4 |
| 32:09 | jão · tribute_sent a jugador 5 |
| 32:09 | jão · tribute_sent a jugador 6 |
| 33:23 | jão · first_building Castle |
| 33:55 | jão · tribute_sent a jugador 1 |
| 33:55 | jão · tribute_sent a jugador 3 |
| 33:55 | jão · tribute_sent a jugador 4 |
| 33:55 | jão · tribute_sent a jugador 5 |
| 33:55 | jão · tribute_sent a jugador 6 |
| 34:27 | FIFI · tribute_sent a jugador 1 |
| 34:27 | FIFI · tribute_sent a jugador 2 |
| 34:27 | FIFI · tribute_sent a jugador 3 |
| 34:27 | FIFI · tribute_sent a jugador 5 |
| 34:27 | FIFI · tribute_sent a jugador 6 |
| 36:01 | ScottWardo · wall_segment Stone Wall x4 |
| 36:43 | leyleyshow · first_building Stable |
| 38:07 | OCS · wall_segment Stone Wall x11 |
| 38:08 | leyleyshow · tribute_sent a jugador 1 |
| 38:08 | leyleyshow · tribute_sent a jugador 2 |
| 38:08 | leyleyshow · tribute_sent a jugador 3 |
| 38:08 | leyleyshow · tribute_sent a jugador 4 |
| 38:08 | leyleyshow · tribute_sent a jugador 5 |
| 38:51 | jão · tribute_sent a jugador 1 |
| 38:51 | jão · tribute_sent a jugador 3 |
| 38:51 | jão · tribute_sent a jugador 4 |
| 38:51 | jão · tribute_sent a jugador 5 |
| 38:51 | jão · tribute_sent a jugador 6 |
| 41:01 | leyleyshow · tribute_sent a jugador 1 |
| 41:01 | leyleyshow · tribute_sent a jugador 2 |
| 41:01 | leyleyshow · tribute_sent a jugador 3 |
| 41:01 | leyleyshow · tribute_sent a jugador 4 |
| 41:01 | leyleyshow · tribute_sent a jugador 5 |
| 43:39 | OCS · wall_segment Stone Wall x13 |
| 45:40 | jão · first_building Siege Workshop |
| 48:43 | arsmx · first_market_sell 100 food |
| 50:44 | arsmx · wall_segment Stone Wall x19 |
| 50:47 | arsmx · wall_segment Stone Wall x22 |
| 51:06 | arsmx · wall_segment Stone Wall x24 |
| 52:43 | FIFI · first_building Archery Range |
| 53:19 | arsmx · wall_segment Stone Wall x9 |
| 54:20 | arsmx · wall_segment Stone Wall x4 |
| 54:23 | arsmx · wall_segment Stone Wall x15 |
| 56:12 | jão · first_market_sell 500 wood |
| 58:11 | ScottWardo · first_building Stable |
| 59:01 | jão · first_building Archery Range |
| 63:07 | leyleyshow · wall_segment Stone Wall x4 |
| 65:33 | OCS · first_building Stable |
| 66:52 | OCS · first_market_sell 100 wood |
| 66:56 | OCS · first_market_buy 100 stone |
| 69:02 | arsmx · wall_segment Stone Wall x21 |
| 71:17 | arsmx · wall_segment Stone Wall x13 |
| 73:13 | leyleyshow · first_building Siege Workshop |
| 73:21 | arsmx · wall_segment Stone Wall x8 |
| 74:54 | FIFI · wall_segment Stone Wall x14 |
| 81:07 | OCS · wall_segment Stone Wall x14 |
| 89:11 | leyleyshow · resign |
[ AI ANALYSIS · 1 CREDIT ]
What really happened in this match?
Wolo.gg analyzes every decision: build order, eco, micro, common mistakes by bracket. Personalized analysis on WhatsApp or Discord in 30 seconds.
Civ guide
Teutons
Perfil
FIFI